 Dungeon Crawl Stone Soup version 0.15-a0-168-g0f93c88 (webtiles) character file.

402 MackTheKnife the Firebug (level 6, 8/45 HPs)
             Began as a Draconian Fire Elementalist on Apr 17, 2014.
             Quit the game on Level 4 of the Dungeon.
             The game lasted 00:11:51 (3797 turns).

MackTheKnife the Firebug (DrFE)                     Turns: 3797, Time: 00:11:51

HP   8/45        AC  7     Str 13      XL: 6   Next: 11%
MP   6/13        EV 12     Int 17      God:
Gold 109         SH  0     Dex 12      Spells:  3 memorised,  6 levels left

rFire  + . .     SeeInvis .     o - +5,+4 dagger of Yggaas {flame, rF+ Str+3}
rCold  . . .     Clarity  .     (armour unavailable)
rNeg   . . .     Conserve .     (no shield)
rPois  .         rCorr    .     (helmet restricted)
rElec  .         rRot     .     (no cloak)
SustAb . .       Spirit   .     a - +0 pair of gloves
rMut   .         Warding  .     (no boots)
Saprov . . .     Stasis   .     (no amulet)
MR     .....                    (no ring)
                                (no ring)

@: flying, slowed, very slow, not resistant to hostile enchantments, unstealthy
A: unfitting armour, talons 1, AC +6
a: no special abilities


You were on level 4 of the Dungeon.
You were hungry.

You visited 1 branch of the dungeon, and saw 4 of its levels.

You collected 109 gold pieces.


Innate Abilities, Weirdness & Mutations

Your plain brown scales are hard (AC +6).
Your body does not fit into most forms of armour.
Your cold-blooded metabolism reacts poorly to cold.
You have sharp toenails.


   Skills:
 - Level 1.7 Dodging
 - Level 1.7 Stealth
 + Level 3.6 Spellcasting
 + Level 3.8 Conjurations
 + Level 4.6 Fire Magic


You had 6 spell levels left.
You knew the following spells:

 Your Spells              Type           Power        Failure   Level  Hunger
c - Conjure Flame         Conj/Fire      ###.....     10%         3    ###....
x - Throw Flame           Conj/Fire      ###...       4%          2    ##.....
z - Flame Tongue          Conj/Fire      ###..        2%          1    None

Inventory:

Hand weapons
 o - the +5,+4 dagger of Yggaas (weapon) {flame, rF+ Str+3}
   (You found it on level 4 of the Dungeon)

   It emits flame when wielded, causing extra injury to most foes and up to
   double damage against particularly susceptible opponents.
   It affects your strength (+3).
   It protects you from fire.
Armour
 a - a +0 pair of gloves (worn)
Comestibles
 c - 4 bread rations
 f - a rotting chunk of orc flesh {@*1}
 l - a meat ration
Jewellery
 g - an uncursed amulet of faith {!P}
Potions
 d - a potion of cure mutation
 k - a potion of poison {!q}
Books
 b - a book of Flames

   Spells                             Type                      Level
   *Flame Tongue                      Conjuration/Fire             1
   *Throw Flame                       Conjuration/Fire             2
   *Conjure Flame                     Conjuration/Fire             3
   Inner Flame                        Hexes/Fire                   3
   Sticky Flame                       Conjuration/Fire             4
   Fireball                           Conjuration/Fire             5

▒▒············
▒▒·············
▒▒··············
▒▒)▒·············
▒▒[▒▒▒······g····· ▒▒#▒▒
▒▒··▒▒▒▒····· ▒▒·▒▒ ▒▒▒▒
▒····▒ ▒▒··o▒▒ ▒▒·▒
▒▒▒▒▒·
▒▒···d·▒▒▒··▒▒▒%▒▒·r▒▒
▒▒···pSoo▒·····▒▒·r·rr▒
▒·····o·rgor····▒·rrrr·
▒·······gro······▒·rrr▒▒
···········o·····▒▒r· ▒·
···········og····▒▒▒▒▒·
··············o····r·r
·············(··o····
?··o·······g········


You could see a phantom, an orc priest, an orc wizard, 2 gnolls, an adder, 7
orcs, a goblin (wandering) and 3 rats.


Message History

The orc hits you but does no damage. The orc closely misses you.
The gnoll hits you from afar with a spear.
The orc hits you with a glowing whip. The orc freezes you.
* * * LOW HITPOINT WARNING * * *
The orc hits you but does no damage. The gnoll hits you but does no damage.
The orc closely misses you. The gnoll closely misses you.
Found a scroll labeled OLIENE JERIT.
A bat comes into view.
The orc completely misses you. The phantom closely misses you.
Drink which item? (? for menu, Esc to quit)
Your toenails lengthen and sharpen.
You feel fantastic!
It was a potion of beneficial mutation.
The adder bites you.
* * * LOW HITPOINT WARNING * * *
The gnoll barely misses you.
The orc priest mumbles some strange prayers to Beogh against you.
Something smites you!
* * * LOW HITPOINT WARNING * * *
The orc closely misses you. The adder barely misses you.
The phantom hits you but does no damage.
The gnoll misses you.
The orc priest looks braver.
A goblin comes into view. It is wielding a dagger.
The orc cheers to no one in particular.
The orc completely misses you. The adder closely misses you.
The orc wizard mumbles some strange words.
The orc wizard blinks!
The phantom hits you but does no damage.
Are you sure you want to abandon this character and quit the game? (Confirm with "yes".)

Action                   |  1- 3 |  4- 6 || total
-------------------------+-------+-------++-------
Melee: Short sword       |    79 |       ||    79
       Falchion          |    40 |    67 ||   107
       Dagger            |       |    12 ||    12
 Cast: Flame Tongue      |    19 |    51 ||    70
       Throw Flame       |     6 |    24 ||    30
       Conjure Flame     |       |     5 ||     5
  Use: Scroll            |     4 |     4 ||     8
       Potion            |       |     4 ||     4
 Stab: Sleeping          |       |     1 ||     1
       Distracted        |       |     1 ||     1

Vault maps used:
D:1:      minmay_arrival_nine_rooms, corexii_leaking_fountain
D:2:      first_bread
D:3:      uniq_purgy
D:4:      temple_green, serial_shops, shop_fountains, minmay_rat_hole,
          uniq_grinder

Notes
Turn   | Place    | Note
--------------------------------------------------------------
     0 | D:1      | MackTheKnife, the Draconian Fire Elementalist, began the quest for the Orb.
     0 | D:1      | Reached XP level 1. HP: 14/14 MP: 3/3
   498 | D:1      | Reached XP level 2. HP: 17/20 MP: 1/4
   987 | D:2      | Learned a level 2 spell: Throw Flame
   991 | D:2      | Reached skill level 2 in Conjurations
  1213 | D:2      | Reached XP level 3. HP: 26/26 MP: 6/6
  1538 | D:2      | Learned a level 3 spell: Conjure Flame
  1912 | D:2      | Reached XP level 4. HP: 33/33 MP: 8/8
  2418 | D:3      | Reached skill level 3 in Spellcasting
  2418 | D:3      | Reached skill level 3 in Conjurations
  2418 | D:3      | Reached skill level 4 in Fire Magic
  2539 | D:3      | Reached XP level 5. HP: 36/38 MP: 3/11
  2957 | D:3      | Noticed Purgy
  3401 | D:4      | Got an iridescent dagger
  3402 | D:4      | Identified the +5,+4 dagger of Yggaas {flame, rF+ Str+3} (You found it on level 4 of the Dungeon)
  3507 | D:4      | Noticed an ogre
  3663 | D:4      | Reached XP level 6. HP: 21/45 MP: 1/13
  3770 | D:4      | Found a staircase to the Ecumenical Temple.
  3792 | D:4      | Noticed a phantom
  3795 | D:4      | Gained mutation: You have sharp toenails. [potion of beneficial mutation]
  3797 | D:4      | Quit the game

Vanquished Creatures
  An orc priest (D:3)
  3 orc wizards
  A worker ant (D:3)
  7 adders
  A worm (D:3)
  2 giant geckos (D:2)
  6 orcs
  8 goblins
  13 hobgoblins
  8 jackals
  3 quokkas
  A ball python (D:1)
  7 bats
  7 giant cockroaches
  A giant newt (D:2)
  6 kobolds
  8 rats
83 creatures vanquished.
